[Event "ICC tourney 2145 (45 10)"]
[Site "Internet Chess Club"]
[Date "2020.11.21"]
[Round "3"]
[White "JudeNYC"]
[Black "Paladin51"]
[Result "1-0"]
[ICCResult "Black checkmated"]
[WhiteElo "1649"]
[BlackElo "1594"]
[Opening "Sicilian defense"]
[ECO "B20"]
[NIC "SI.48"]
[Time "17:02:26"]
[TimeControl "2700+10"]

1. e4 c5 2. a3 e5 3. Nf3 Nc6 4. Bb5 Nd4 5. Bc4 Nxf3+ 6. Qxf3 Qf6 7. Qe2 Nh6
8. Nc3 Bd6 9. Nd5 Qg6 10. O-O O-O 11. d3 b6 12. f4 Qg4 13. Qe1 Bb7 14. Rf3
Bxd5 15. Bxd5 Rac8 16. f5 Kh8 17. h3 Qh5 18. g4 Nxg4 19. hxg4 Qxg4+ 20. Qg3
Qxg3+ 21. Rxg3 f6 22. Kh2 Rfd8 23. Be3 b5 24. Rag1 Bf8 25. Bh6 c4 26. dxc4
bxc4 27. Rxg7 Bc5 28. R1g2 c3 29. b3 Bxa3 30. R7g4 Bf8 31. Rg8#
{Black checkmated}
1-0

[Event "ICC tourney 2145 (45 10)"]
[Site "Internet Chess Club"]
[Date "2020.11.21"]
[Round "3"]
[White "ZYCON"]
[Black "bsarvagnya"]
[Result "1-0"]
[ICCResult "Black checkmated"]
[WhiteElo "1410"]
[BlackElo "1217"]
[Opening "QGD Slav: 4.e3 Bf5"]
[ECO "D12"]
[NIC "SL.01"]
[Time "17:03:14"]
[TimeControl "2700+10"]

1. d4 d5 2. c4 c6 3. Nf3 Nf6 4. e3 Bf5 5. Nc3 e6 6. Bd3 Bxd3 7. Qxd3 Bb4 8.
O-O Nbd7 9. cxd5 cxd5 10. Bd2 Bxc3 11. Bxc3 Ne4 12. Nd2 Nxc3 13. bxc3 O-O
14. c4 Nf6 15. cxd5 Qxd5 16. Nb3 b6 17. Rac1 Rac8 18. Rfd1 Ne4 19. f3 Nf6
20. e4 Qg5 21. Qd2 Qg6 22. Rxc8 Rxc8 23. Rc1 Rd8 24. Rc7 a6 25. Rb7 Nd7 26.
Qc1 Qh6 27. Qxh6 gxh6 28. Kf2 Kf8 29. Ke3 Ke8 30. Kf4 Ke7 31. Rc7 Rg8 32. g4
Kd6 33. Rc2 f6 34. h4 e5+ 35. Ke3 exd4+ 36. Nxd4 Ke5 37. Rc6 Re8 38. f4#
{Black checkmated}
1-0

[Event "ICC tourney 2145 (45 10)"]
[Site "Internet Chess Club"]
[Date "2020.11.21"]
[Round "3"]
[White "byumitchell"]
[Black "M6northrup"]
[Result "1-0"]
[ICCResult "Black resigns"]
[WhiteElo "1495"]
[BlackElo "1601"]
[Opening "Giuoco Piano"]
[ECO "C50"]
[NIC "IG.02"]
[Time "17:02:26"]
[TimeControl "2700+10"]

1. e4 e5 2. Nf3 Nc6 3. Bc4 Bc5 4. Nc3 d6 5. h3 Nf6 6. d3 h6 7. Qe2 O-O 8.
Be3 Bb4 9. Bd2 Re8 10. a3 Ba5 11. Nd5 Bxd2+ 12. Qxd2 Be6 13. O-O-O Bxd5 14.
exd5 Ne7 15. g4 Nexd5 16. g5 hxg5 17. Nxg5 Rf8 18. Rdg1 Nf4 19. h4 N6h5 20.
Ne4 b5 21. Bd5 c6 22. Bxc6 Rc8 23. Bxb5 d5 24. Ng3 Nxg3 25. Rxg3 Qb6 26.
Rhg1 Qxb5 27. Rxg7+ Kh8 28. R7g5 Qc6 29. c3 Qh6 30. Kb1 Nh3 31. Rg8+ Kh7 32.
R1g7+ Qxg7 33. Rxg7+ Kxg7 34. Qe2 e4 35. Qg4+ Kh6 36. Qxh3 f5 37. dxe4 dxe4
38. Qe3+ Kh7 39. Qxa7+ Kg8 40. Qe3 Rc7 41. h5 Rg7 42. a4 Kh7 43. a5 Rg1+ 44.
Ka2 Rg2 45. a6 Ra8 46. Qb6 Rg7 47. b4 Re7 48. b5 {Black resigns} 1-0

[Event "ICC tourney 2145 (45 10)"]
[Site "Internet Chess Club"]
[Date "2020.11.21"]
[Round "3"]
[White "Nacaroa-Dan"]
[Black "Alec-hine"]
[Result "0-1"]
[ICCResult "White resigns"]
[WhiteElo "1557"]
[BlackElo "1515"]
[Opening "French: Labourdonnais variation"]
[ECO "C00"]
[NIC "FR.01"]
[Time "17:02:21"]
[TimeControl "2700+10"]

1. e4 e6 2. f4 d5 3. e5 c5 4. Nf3 Nc6 5. Na3 Nge7 6. c3 Bd7 7. Nc2 Qb6 8.
Be2 Rc8 9. d3 Nf5 10. O-O Be7 11. Qe1 h5 12. Rb1 g6 13. Bd2 O-O 14. a3 Na5
15. Ne3 Nb3 16. Nxf5 exf5 17. Be3 Be6 18. Bf2 Qc6 19. Bh4 Qd7 20. Bd1 Na5
21. Qg3 Kg7 22. Ng5 Rh8 23. Bc2 d4 24. c4 b5 25. cxb5 c4 26. Nxe6+ Qxe6 27.
Bxe7 Qxe7 28. dxc4 h4 29. Qf2 Nxc4 30. Bd3 Ne3 31. Rfc1 Qb7 32. Qf3 Qxf3 33.
gxf3 Nd5 34. Rc4 Rxc4 35. Bxc4 Nxf4 36. Rd1 Rd8 37. a4 g5 38. a5 d3 39. Rd2
Rb8 40. Kf1 h3 41. b4 Kg6 42. Kf2 Rb7 43. b6 axb6 44. a6 Ra7 45. b5 Rd7 46.
Ke1 g4 47. fxg4 fxg4 48. Ra2 g3 49. Kd2 g2 50. Ra1 Kg5 51. Re1 Ne2 52. e6
fxe6 53. Bxe6 Rh7 54. a7 Rxa7 55. Bxh3 g1=Q 56. Rxg1+ Nxg1 57. Be6 Ra3 58.
Bd5 Kf4 59. h4 Nf3+ 60. Bxf3 Kxf3 61. h5 Ke4 62. h6 Ra2+ {White resigns} 0-1

[Event "ICC tourney 2145 (45 10)"]
[Site "Internet Chess Club"]
[Date "2020.11.21"]
[Round "3"]
[White "WallyCleaver"]
[Black "virajphadke"]
[Result "0-1"]
[ICCResult "White resigns"]
[WhiteElo "1315"]
[BlackElo "1595"]
[Opening "Vienna gambit"]
[ECO "C30"]
[NIC "KG.05"]
[Time "17:02:20"]
[TimeControl "2700+10"]

1. e4 e5 2. f4 Nc6 3. Nc3 Bc5 4. Nf3 d6 5. Na4 Bb6 6. Nxb6 axb6 7. Bc4 h6 8.
O-O Na5 9. Bb5+ Nc6 10. fxe5 dxe5 11. Nxe5 Qd4+ 12. Kh1 Qxe5 13. Bc4 Nf6 14.
d3 O-O 15. c3 Na5 16. Bf4 Qe7 17. Bb5 c6 18. Ba4 b5 19. Bc2 c5 20. h3 Nc6
21. Qd2 Ra6 22. a4 b4 23. Rae1 Ne5 24. b3 Rd8 25. Bxe5 Qxe5 26. cxb4 Nh5 27.
Rf2 Rg6 28. Bd1 Ng3+ 29. Kg1 Rdd6 30. bxc5 Qxc5 31. Qe3 Qe5 32. Rf3 Bxh3 33.
Kf2 Nxe4+ 34. Qxe4 Rxg2+ 35. Ke3 Qg5+ 36. Qf4 Re6+ 37. Kd4 Rg4 38. Rxe6
Rxf4+ 39. Rxf4 Qxf4+ 40. Re4 Qd6+ 41. Ke3 Bf5 42. Re8+ Kh7 43. d4 Qg3+ 44.
Kd2 Qd3+ 45. Kc1 Qxd4 46. b4 Qc3+ {White resigns} 0-1

[Event "ICC tourney 2145 (45 10)"]
[Site "Internet Chess Club"]
[Date "2020.11.21"]
[Round "3"]
[White "BobbyFissure"]
[Black "drjava"]
[Result "1-0"]
[ICCResult "Black resigns"]
[WhiteElo "1432"]
[BlackElo "1601"]
[Opening "Bird's opening"]
[ECO "A02"]
[NIC "VO.07"]
[Time "17:02:20"]
[TimeControl "2700+10"]

1. f4 c5 2. Nf3 e6 3. e4 a6 4. c4 d5 5. cxd5 exd5 6. Nc3 d4 7. Nd5 Ne7 8.
Nxe7 Bxe7 9. Bc4 Be6 10. Bxe6 fxe6 11. Qb3 Qc8 12. f5 exf5 13. Ne5 Rf8 14.
O-O Nc6 15. Nxc6 bxc6 16. Rxf5 Rxf5 17. exf5 Qxf5 18. d3 Rd8 19. Bd2 Qd5 20.
Qb6 Kf7 21. Qxa6 Kg8 22. Qc4 Rb8 23. Qxd5+ cxd5 24. b3 Kf7 25. Bf4 Rb7 26.
Rc1 Ke6 27. g4 h6 28. Re1+ Kd7 29. Re5 Kc6 30. Re6+ Kb5 31. Bd2 c4 32. a4+
Kc5 33. b4+ Rxb4 34. Bxb4+ Kxb4 35. Rxe7 cxd3 36. Kf1 Kc3 37. Rc7+ Kd2 38.
a5 Kd1 39. a6 {Black resigns} 1-0

[Event "ICC tourney 2145 (45 10)"]
[Site "Internet Chess Club"]
[Date "2020.11.21"]
[Round "3"]
[White "trucker"]
[Black "wildrumpus"]
[Result "0-1"]
[ICCResult "White resigns"]
[WhiteElo "1640"]
[BlackElo "1492"]
[Opening "Caro-Kann: Bronstein-Larsen variation"]
[ECO "B16"]
[NIC "CK.07"]
[Time "17:02:41"]
[TimeControl "2700+10"]

1. e4 c6 2. d4 d5 3. Nc3 dxe4 4. Nxe4 Nf6 5. Nxf6+ gxf6 6. c3 Bf5 7. Bc4 e6
8. Bf4 Bd6 9. Qf3 Rg8 10. Bxd6 Qxd6 11. h3 Nd7 12. Ne2 Rg7 13. O-O-O Qc7 14.
Rhe1 O-O-O 15. g4 Bg6 16. Ng3 Rgg8 17. h4 h6 18. Bb3 a5 19. Ne4 Bxe4 20.
Rxe4 Nb6 21. Qxf6 a4 22. Bc2 Rg6 23. Qf3 Rdg8 24. Rf4 R6g7 25. Rf6 Qe7 26.
Re1 Nd5 27. Rxh6 Rxg4 28. Re4 Rg1+ 29. Kd2 R1g2 30. Rh7 Nf6 31. Rxe6 Qxe6
32. Bf5 Nxh7 33. Bxe6+ fxe6 34. Qf7 Nf8 35. h5 R2g7 36. Qe8+ Kc7 37. c4 Rh7
38. b4 axb3 39. axb3 Rgh8 40. b4 Rxh5 41. Qe7+ Nd7 42. c5 Rd5 43. Ke3 e5 44.
f3 exd4+ 45. Kd3 Rf8 46. Qe4 Rxf3+ 47. Kd2 Rdf5 48. Qe7 Re3 49. Qd6+ Kc8 50.
Qxd4 Rd5 51. Kxe3 Rxd4 52. Kxd4 Kc7 53. Kc4 Nb8 54. Kd4 Na6 55. Kc4 b6 56.
cxb6+ Kxb6 57. Kc3 Kb5 58. Kb3 Nxb4 59. Kc3 c5 60. Kb3 c4+ 61. Kb2 Nd5 62.
Kc2 Kb4 63. Kb2 c3+ 64. Kc2 Kc4 65. Kc1 Kb3 66. Kb1 c2+ 67. Kc1 Nb4 68. Kd2
Kb2 {White resigns} 0-1

[Event "ICC tourney 2145 (45 10)"]
[Site "Internet Chess Club"]
[Date "2020.11.21"]
[Round "4"]
[White "UltimateDL"]
[Black "JudeNYC"]
[Result "0-1"]
[ICCResult "White checkmated"]
[WhiteElo "1475"]
[BlackElo "1634"]
[Opening "Caro-Kann: advance variation"]
[ECO "B12"]
[NIC "CK.02"]
[Time "19:32:27"]
[TimeControl "2700+10"]

1. e4 c6 2. d4 d5 3. e5 c5 4. c3 Nc6 5. Nf3 Bg4 6. Be2 e6 7. h3 Bxf3 8. Bxf3
cxd4 9. cxd4 Qb6 10. O-O Qxd4 11. Qxd4 Nxd4 12. Bd1 Rc8 13. Be3 Nc6 14. Nd2
Nge7 15. Ba4 a6 16. Bb6 Ng6 17. Nf3 Be7 18. Nd4 Nxe5 19. f4 Nc4 20. Nxc6
bxc6 21. Bd4 Bf6 22. Bxf6 gxf6 23. b3 Nb6 24. Rfc1 Nxa4 25. bxa4 Kd7 26.
Rab1 Rb8 27. Kf2 Rxb1 28. Rxb1 Kc7 29. a5 Rb8 30. Rxb8 Kxb8 31. Ke3 Kc7 32.
Kd4 Kd6 33. g4 e5+ 34. fxe5+ fxe5+ 35. Kd3 c5 36. g5 d4 37. h4 Kd5 38. g6
fxg6 39. h5 gxh5 40. Kd2 h4 41. a4 h3 42. Kd3 h2 43. Kd2 h1=Q 44. Ke2 Qg2+
45. Kd1 Qf2 46. Kc1 Qe2 47. Kb1 Qd2 48. Ka1 Kc4 49. Kb1 Kb3 50. Ka1 Qc1#
{White checkmated}
0-1

[Event "ICC tourney 2145 (45 10)"]
[Site "Internet Chess Club"]
[Date "2020.11.21"]
[Round "4"]
[White "drjava"]
[Black "mutantpenguin"]
[Result "1-0"]
[ICCResult "Black checkmated"]
[WhiteElo "1649"]
[BlackElo "1345"]
[Opening "French: exchange variation"]
[ECO "C01"]
[NIC "FR.01"]
[Time "19:32:27"]
[TimeControl "2700+10"]

1. e4 e6 2. d4 d5 3. exd5 exd5 4. Nc3 Nf6 5. Nf3 Bd6 6. Bg5 Bf5 7. Bd3 Bxd3
8. Qxd3 c6 9. O-O-O O-O 10. Rde1 Nbd7 11. Ne5 b5 12. Nxd7 Qxd7 13. Bxf6 gxf6
14. Qf3 b4 15. Ne2 a5 16. Qxf6 Be7 17. Qf3 a4 18. Ng3 Bg5+ 19. Kb1 b3 20. h4
Bh6 21. Nf5 bxa2+ 22. Kxa2 Qb7 23. Nxh6+ Kg7 24. Rh3 a3 25. Rg3+ Kh8 26.
Qf6# {Black checkmated} 1-0

[Event "ICC tourney 2145 (45 10)"]
[Site "Internet Chess Club"]
[Date "2020.11.21"]
[Round "4"]
[White "jjplaman"]
[Black "lmperfectFocus"]
[Result "0-1"]
[ICCResult "White checkmated"]
[WhiteElo "1399"]
[BlackElo "1567"]
[Opening "Giuoco Pianissimo: Italian four knights variation"]
[ECO "C50"]
[NIC "IG.02"]
[Time "19:32:29"]
[TimeControl "2700+10"]

1. e4 e5 2. Nf3 Nc6 3. Bc4 Bc5 4. Nc3 Nf6 5. d3 h6 6. O-O d6 7. h3 O-O 8.
Bd2 Be6 9. Nd5 a6 10. Qc1 Bxd5 11. exd5 Ne7 12. Bxh6 gxh6 13. Qxh6 Ng6 14.
Ng5 Qe7 15. h4 Rfe8 16. h5 Qf8 17. Nxf7 Kxf7 18. hxg6+ Ke7 19. g7 Qf7 20.
Rae1 Kd8 21. Bb3 Rg8 22. Qh8 Kd7 23. Qh3+ Kd8 24. Qh8 Qxg7 25. Qxg7 Rxg7 26.
g3 Rxg3+ 27. Kh2 Rg6 28. f4 Kd7 29. fxe5 Rh8# {White checkmated} 0-1

[Event "ICC tourney 2145 (45 10)"]
[Site "Internet Chess Club"]
[Date "2020.11.21"]
[Round "4"]
[White "bgolkar"]
[Black "mrneale"]
[Result "0-1"]
[ICCResult "White resigns"]
[WhiteElo "1394"]
[BlackElo "1592"]
[Opening "King's pawn opening"]
[ECO "B07"]
[NIC "VO.17"]
[Time "19:32:28"]
[TimeControl "2700+10"]

1. e4 d6 2. Nc3 e5 3. d4 Nd7 4. Nf3 Be7 5. Bc4 c6 6. a4 Ngf6 7. O-O Qc7 8.
Re1 Nf8 9. d5 a6 10. Bg5 c5 11. Nd2 h6 12. Bh4 Ng6 13. Bg3 O-O 14. Rf1 Bg4
15. Be2 Qc8 16. f4 Bxe2 17. Qxe2 Qg4 18. Qe3 Nh5 19. fxe5 Nxg3 20. hxg3 Bg5
21. Qf3 Nxe5 22. Qxg4 Nxg4 23. Nf3 Ne3 24. Rf2 Ng4 25. Re2 Bf6 26. Rae1 Ne5
27. Nxe5 Bxe5 28. g4 f6 29. Rf1 Rf7 30. Rf3 Re7 31. b3 Rae8 32. Kf1 Bxc3 33.
Rxc3 Rxe4 34. Rxe4 Rxe4 35. Rg3 Rd4 36. Re3 Kf7 37. c4 Rxg4 38. Kf2 Rf4+ 39.
Ke2 f5 40. Kd3 Re4 41. Rf3 Kf6 42. g3 g5 43. Kc3 h5 44. Rd3 f4 45. b4 b6 46.
bxc5 bxc5 47. gxf4 gxf4 48. Kb2 Rxc4 49. Ka3 Rd4 50. Rf3 Kg5 51. Kb3 Rxd5
52. Kc4 Rd4+ 53. Kb3 Kg4 54. Rf1 f3 {White resigns} 0-1

[Event "ICC tourney 2145 (45 10)"]
[Site "Internet Chess Club"]
[Date "2020.11.21"]
[Round "4"]
[White "AngelaIL203"]
[Black "Nacaroa-Dan"]
[Result "0-1"]
[ICCResult "White resigns"]
[WhiteElo "1190"]
[BlackElo "1574"]
[Opening "Scandinavian defense"]
[ECO "B01"]
[NIC "SD.03"]
[Time "19:32:35"]
[TimeControl "2700+10"]

1. e4 d5 2. exd5 Nf6 3. Nc3 Nxd5 4. Nxd5 Qxd5 5. Nf3 e5 6. d3 Bg4 7. Be2 Nc6
8. h3 Bh5 9. Be3 O-O-O 10. c4 Bb4+ 11. Bd2 Qa5 12. a3 Bxd2+ 13. Qxd2 Qxd2+
14. Nxd2 Bxe2 15. Kxe2 Nd4+ 16. Kd1 f5 17. f3 Rhe8 18. b4 f4 19. Re1 Nf5 20.
Kc2 Ne3+ 21. Kc3 Rd7 22. Nf1 Nxg2 23. Re2 Nh4 24. Nh2 Nf5 25. Rae1 Rde7 26.
Ng4 h5 27. Nf2 Nh4 28. Re4 Nxf3 29. R1e2 Ng5 30. h4 Nxe4+ 31. Rxe4 Kd7 32.
c5 Ke6 33. d4 Kf5 34. dxe5 Rxe5 35. Rxe5+ Rxe5 36. Kd4 Re2 {White resigns}
0-1

[Event "ICC tourney 2145 (45 10)"]
[Site "Internet Chess Club"]
[Date "2020.11.21"]
[Round "4"]
[White "adma2028"]
[Black "trucker"]
[Result "0-1"]
[ICCResult "White checkmated"]
[WhiteElo "1415"]
[BlackElo "1670"]
[Opening "King's Indian: London system"]
[ECO "A45"]
[NIC "QP.03"]
[Time "19:32:36"]
[TimeControl "2700+10"]

1. d4 Nf6 2. Bf4 g6 3. Nf3 Bg7 4. e3 O-O 5. Nbd2 c5 6. c3 d6 7. Bc4 h6 8.
Qc2 d5 9. Be2 cxd4 10. cxd4 Nc6 11. a3 Bf5 12. Bd3 Be6 13. Nb3 Ne4 14. Nfd2
Rc8 15. Bxe4 Nxd4 16. Qd1 Nxb3 17. Qxb3 dxe4 18. Qxb7 Rc2 19. Rd1 Rxb2 20.
Qxa7 Qd3 21. Bc7 Bc4 22. Nxc4 Qe2# {White checkmated} 0-1

[Event "ICC tourney 2145 (45 10)"]
[Site "Internet Chess Club"]
[Date "2020.11.21"]
[Round "4"]
[White "Paladin51"]
[Black "Fredzhang"]
[Result "1-0"]
[ICCResult "Black checkmated"]
[WhiteElo "1603"]
[BlackElo "1139"]
[Opening "Queen's pawn game, Chigorin variation"]
[ECO "D02"]
[NIC "QP.08"]
[Time "19:32:28"]
[TimeControl "2700+10"]

1. d4 d5 2. Nf3 Nc6 3. e3 Nf6 4. b3 g6 5. Bb2 Bg7 6. Nbd2 Bg4 7. Be2 O-O 8.
O-O Re8 9. Ne5 Bxe2 10. Qxe2 Nxe5 11. dxe5 Nd7 12. f4 f6 13. Nf3 fxe5 14.
Bxe5 Nxe5 15. Nxe5 Qd6 16. Rae1 Bxe5 17. fxe5 Qxe5 18. e4 Qd4+ 19. Qe3 Qxe3+
20. Rxe3 dxe4 21. Rxe4 e5 22. Rfe1 Kf7 23. Rxe5 Rxe5 24. Rxe5 Re8 25. Rxe8
Kxe8 26. Kf2 Ke7 27. Ke3 Ke6 28. Ke4 b6 29. a3 a6 30. c3 c6 31. a4 b5 32.
axb5 axb5 33. b4 h6 34. g4 h5 35. gxh5 gxh5 36. h4 Kf6 37. Kf4 Ke6 38. Kg5
Ke5 39. Kxh5 Kf5 40. Kh6 Kf6 41. h5 Kf7 42. Kg5 Kg7 43. Kf5 Kh6 44. Ke6 Kxh5
45. Kd6 Kg5 46. Kxc6 Kf6 47. Kxb5 Ke7 48. c4 Kd8 49. c5 Kc8 50. Kc4 Kc7 51.
b5 Kb7 52. Kd5 Kc7 53. Ke6 Kb7 54. Kd7 Kb8 55. c6 Ka7 56. c7 Kb6 57. c8=Q
Kxb5 58. Qc3 Kb6 59. Qc4 Kb7 60. Qb4+ Ka7 61. Kc7 Ka6 62. Qb6#
{Black checkmated}
1-0

[Event "ICC tourney 2145 (45 10)"]
[Site "Internet Chess Club"]
[Date "2020.11.21"]
[Round "4"]
[White "rpodder1"]
[Black "WallyCleaver"]
[Result "1/2-1/2"]
[ICCResult "Game drawn by mutual agreement"]
[WhiteElo "1550"]
[BlackElo "1323"]
[Opening "Alekhine's defense: Scandinavian variation"]
[ECO "B02"]
[NIC "AL.10"]
[Time "19:32:25"]
[TimeControl "2700+10"]

1. e4 Nf6 2. Nc3 d5 3. exd5 Nxd5 4. Nf3 Nxc3 5. bxc3 Bg4 6. Bc4 e6 7. h3 Bh5
8. Bb5+ c6 9. Ba4 Be7 10. Bb2 O-O 11. O-O Nd7 12. g4 Bg6 13. d3 h5 14. Nh2
hxg4 15. hxg4 Bd6 16. Kg2 Bxh2 17. Kxh2 f5 18. Bb3 Nc5 19. Qe2 Qh4+ 20. Kg2
Qxg4+ 21. Qxg4 fxg4 22. Ba3 Nxb3 23. axb3 Rf3 24. Bc5 a6 25. Rae1 Bf5 26. c4
Re8 27. Re5 Kf7 28. Rfe1 Rh8 29. R5e3 Rfh3 30. Rxh3 gxh3+ 31. Kh2 g5 32. Re3
g4 33. d4 Re8 34. c3 Kf6 35. Bd6 Kf7 36. Bc7 Re7 37. Bb6 Re8 38. f3 gxf3 39.
Rxf3 Kg6 40. Rg3+ Kf6 41. Re3 Rg8 42. Re2 Rg4 43. Bd8+ Kf7 44. Bc7
{Game drawn by mutual agreement}
1/2-1/2

[Event "ICC tourney 2145 (45 10)"]
[Site "Internet Chess Club"]
[Date "2020.11.21"]
[Round "4"]
[White "virajphadke"]
[Black "Mannansh"]
[Result "1-0"]
[ICCResult "Black resigns"]
[WhiteElo "1584"]
[BlackElo "1193"]
[Opening "Queen's pawn: London system"]
[ECO "A45"]
[NIC "QP.07"]
[Time "19:32:29"]
[TimeControl "2700+10"]

1. d4 Nf6 2. Bf4 e6 3. e3 d5 4. Nf3 Nbd7 5. Bd3 c6 6. c3 Be7 7. Nbd2 O-O 8.
h3 Qa5 9. Ne5 Nxe5 10. dxe5 Nd7 11. Qg4 Re8 12. Bh6 Bf8 13. Nf3 f6 14. Bf4
b6 15. Bxh7+ Kxh7 16. Qh5+ Kg8 17. Qxe8 Qb5 18. Nd4 Qxb2 19. O-O Qxc3 20.
Rac1 Qb2 21. Qxe6+ Kh8 22. Qf7 fxe5 23. Bxe5 Nxe5 24. Qh5+ Kg8 25. Qxe5 Qxa2
26. Ne6 c5 27. Nc7 Rb8 28. Nxd5 Rb7 29. Nf4 b5 30. Ng6 b4 {Black resigns}
1-0

[Event "ICC tourney 2145 (45 10)"]
[Site "Internet Chess Club"]
[Date "2020.11.21"]
[Round "4"]
[White "i3izarre"]
[Black "handsomematch"]
[Result "0-1"]
[ICCResult "White resigns"]
[WhiteElo "1347"]
[BlackElo "1228"]
[Opening "English: Anglo-Grünfeld defense"]
[ECO "A16"]
[NIC "EO.64"]
[Time "19:32:48"]
[TimeControl "2700+10"]

1. c4 Nf6 2. Nc3 d5 3. cxd5 Nxd5 4. e4 Nxc3 5. bxc3 g6 6. Nf3 Bg7 7. Bc4 O-O
8. h3 c5 9. O-O Nc6 10. Re1 b6 11. Bd5 Bb7 12. d4 e6 13. Bxc6 Bxc6 14. Bb2
Qe7 15. Qb3 Rfd8 16. Rad1 Rac8 17. d5 c4 18. Qxc4 Bxd5 19. Qa4 Bc4 20. Nd4
Qb7 21. e5 Bd5 22. Nb5 Bxg2 23. Nd6 Rxd6 24. Rxd6 Bxh3 25. Qe4 Qxe4 26. Rxe4
Bf5 27. Re3 h5 28. Rd7 a5 29. Rb7 Rc6 30. f4 Bh6 31. Rf3 Bf8 32. Kf2 Bc5+
33. Kg3 Rc8 34. Kh4 Be4 35. Rf1 Bxb7 {White resigns} 0-1

[Event "ICC tourney 2145 (45 10)"]
[Site "Internet Chess Club"]
[Date "2020.11.21"]
[Round "4"]
[White "bsarvagnya"]
[Black "dangdang2000"]
[Result "0-1"]
[ICCResult "White forfeits on time"]
[WhiteElo "1209"]
[BlackElo "1271"]
[Opening "Giuoco Piano"]
[ECO "C54"]
[NIC "IG.02"]
[Time "19:32:53"]
[TimeControl "2700+10"]

1. e4 e5 2. Nf3 Nc6 3. Bc4 Bc5 4. c3 Nf6 5. d4 exd4 6. cxd4 Bb4+ 7. Bd2
Bxd2+ 8. Nbxd2 d5 9. exd5 Nxd5 10. O-O O-O 11. Nb3 Re8 12. Re1 Rxe1+ 13.
Qxe1 Be6 14. Nc5 Qf6 15. Nxb7 Nxd4 16. Nd2 Nc2 17. Qc1 Nxa1 18. Qxa1 Nb6 19.
Bxe6 Qxe6 20. Nc5 Qd5 21. Ncb3 c5 22. Nf3 Rd8 23. Nbd2 Nc4 24. Nf1 Qd1 25.
Qxd1 Rxd1 26. b3 Nd6 27. Ne5 Ne4 28. Nc4 Nc3 29. g3 Nxa2 30. Kg2 Rd3 31.
Nfd2 Kf8 32. Kf1 Rd4 33. Ke2 Nc1+ 34. Ke3 Ke7 35. Ne5 Ke6 36. Nec4 Rd3+ 37.
Ke4 g5 38. g4 Rd4+ 39. Kf3 Rf4+ 40. Ke3 Rxg4 41. Kf3 f5 {White forfeits on
time} 0-1

[Event "ICC tourney 2145 (45 10)"]
[Site "Internet Chess Club"]
[Date "2020.11.21"]
[Round "4"]
[White "shubham14"]
[Black "ElijahL2020"]
[Result "0-1"]
[ICCResult "White resigns"]
[WhiteElo "1483"]
[BlackElo "1349"]
[Opening "English: Bremen, reverse dragon"]
[ECO "A22"]
[NIC "EO.10"]
[Time "19:36:20"]
[TimeControl "2700+10"]

1. c4 e5 2. Nc3 Nf6 3. g3 d5 4. cxd5 Nxd5 5. d3 Be6 6. Bg2 Nc6 7. e4 Nb6 8.
Be3 Nb4 9. d4 exd4 10. Bxd4 Qxd4 11. Qxd4 Nc2+ 12. Kf1 Nxd4 13. e5 Bc4+ 14.
Nge2 Nxe2 15. Nxe2 Bxe2+ 16. Kxe2 c6 17. f4 Bc5 18. Rac1 Bd4 19. b4 O-O 20.
Kd3 Rad8 21. Ke4 f5+ 22. Kf3 Nd5 23. a3 Bb6 24. h4 h5 25. Ke2 g6 26. Rhd1
Ne7 27. Rxd8 Rxd8 28. b5 Rc8 29. bxc6 Nxc6 30. Rd1 Nd4+ 31. Kf1 Rc2 32. a4
Nb3 33. Bxb7 Nd2+ 34. Ke2 Ne4+ 35. Kd3 Rc3+ 36. Ke2 Nxg3+ 37. Kd2 Ba5 38.
Bd5+ Kf8 39. Bg2 Ra3+ 40. Kc1 Ra2 41. Bd5 Ne2+ 42. Kb1 Nc3+ 43. Kc1 Ra1+ 44.
Kb2 Rxd1 {White resigns} 0-1

[Event "ICC tourney 2145 (45 10)"]
[Site "Internet Chess Club"]
[Date "2020.11.21"]
[Round "4"]
[White "M6northrup"]
[Black "ZYCON"]
[Result "1-0"]
[ICCResult "Black resigns"]
[WhiteElo "1626"]
[BlackElo "1384"]
[Opening "Sicilian: Sozin, not Scheveningen"]
[ECO "B57"]
[NIC "SI.25"]
[Time "19:32:27"]
[TimeControl "2700+10"]

1. e4 c5 2. Nf3 d6 3. d4 cxd4 4. Nxd4 Nf6 5. Nc3 Nc6 6. Bc4 g6 7. O-O Bg7 8.
f3 O-O 9. Be3 Bd7 10. Bf2 Ne5 11. Bb3 a6 12. Nd5 Rc8 13. Ne2 Nxd5 14. Bxd5
Bc6 15. Nc3 Nd7 16. Bd4 Nf6 17. Bb3 Qa5 18. a3 Qh5 19. Rb1 Rfe8 20. Bf2 Nd7
21. Nd5 Bxd5 22. Bxd5 Rc7 23. c3 Nf6 24. Ba2 Rec8 25. Qb3 g5 26. Rbd1 g4 27.
fxg4 Nxg4 28. Bg3 Bf6 29. Rd3 Rd7 30. Qd1 Qc5+ 31. Bf2 Nxf2 32. Rxf2 Rf8 33.
Qg4+ Qg5 34. Qxd7 {Black resigns} 1-0

[Event "ICC tourney 2145 (45 10)"]
[Site "Internet Chess Club"]
[Date "2020.11.21"]
[Round "4"]
[White "jojoraman"]
[Black "smartgoldfish"]
[Result "1/2-1/2"]
[ICCResult "Game drawn by mutual agreement"]
[WhiteElo "1357"]
[BlackElo "1194"]
[Opening "Scotch game"]
[ECO "C45"]
[NIC "SO.05"]
[Time "19:32:25"]
[TimeControl "2700+10"]

1. e4 e5 2. Nf3 Nc6 3. d4 exd4 4. Nxd4 Bc5 5. Be3 Bb6 6. Nxc6 bxc6 7. Qd2
Nf6 8. Bd3 O-O 9. Bxb6 axb6 10. O-O Re8 11. f3 d5 12. exd5 cxd5 13. Nc3 Qd6
14. Kh1 c6 15. Ne2 Re5 16. a3 Rh5 17. f4 Ng4 18. h3 Qh6 19. Ng1 Nf6 20. Qe3
Be6 21. Rae1 Bd7 22. f5 Qxe3 23. Rxe3 Re8 24. Rxe8+ Bxe8 25. Nf3 g6 26. fxg6
fxg6 27. Nh2 Kg7 28. Nf3 Bd7 29. Re1 Kf8 30. Ne5 Be8 31. Kh2 Ne4 32. Ng4 Nc5
33. Nf6 Nxd3 34. cxd3 Rf5 35. Nxe8 Rf7 36. Nd6 Rf2 37. b4 Ra2 38. Nc8 Rxa3
39. Nxb6 Rxd3 40. Rc1 Rb3 41. Rxc6 Rxb4 42. Nxd5 Rb3 43. Rc7 h5 44. Nf4 Rb6
45. Rc5 Rf6 46. g3 Kg7 47. Rg5 Kh6 48. h4 Ra6 49. Kg2 Rd6 50. Kf3 Rb6 51.
Nd5 Rb1 52. Nf4 Rb6 53. Ke4 Rb4+ 54. Ke5 Rb5+ 55. Kf6 Rb6+ 56. Ke5 Rb5+ 57.
Nd5 Ra5 58. Kf6 Ra6+ 59. Kf7 Ra7+ 60. Ne7 Kh7 61. Re5 Kh6 62. Re6 Kh7 63.
Kf6 Ra3 64. Nxg6 Rxg3 65. Nf4 Rg4 66. Nxh5 Rxh4 67. Kg5 Ra4 68. Rh6+ Kg8 69.
Nf6+ Kf7 70. Rh7+ Ke6 71. Rh8 Ra1 72. Re8+ Kf7 73. Re4 Ra5+
{Game drawn by mutual agreement}
1/2-1/2

[Event "ICC tourney 2145 (45 10)"]
[Site "Internet Chess Club"]
[Date "2020.11.21"]
[Round "4"]
[White "wildrumpus"]
[Black "byumitchell"]
[Result "1-0"]
[ICCResult "Black resigns"]
[WhiteElo "1479"]
[BlackElo "1439"]
[Opening "Queen's pawn game"]
[ECO "A45"]
[NIC "QP.07"]
[Time "19:32:40"]
[TimeControl "2700+10"]

1. d4 Nf6 2. e3 g6 3. Nf3 Bg7 4. Be2 d5 5. O-O O-O 6. b4 a6 7. a4 c6 8. Nbd2
b5 9. axb5 cxb5 10. Bxb5 Bb7 11. Be2 Nbd7 12. Nb3 Qb6 13. Ba3 Rfe8 14. Nc5
Nxc5 15. bxc5 Qc6 16. Ne5 Qc7 17. c4 dxc4 18. Bxc4 Bd5 19. Bxd5 Nxd5 20. Qf3
Bxe5 21. Qxd5 Bxh2+ 22. Kh1 Rad8 23. Qf3 e5 24. Kxh2 exd4+ 25. Qg3 Qc6 26.
Rfd1 d3 27. Rd2 Rd5 28. Kg1 Red8 29. Rad1 Qa4 30. Bb2 Rxc5 31. Bd4 Rc2 32.
Qe5 Rxd4 33. Qxd4 Rc4 34. Qd8+ Kg7 35. Rxd3 Qb5 36. Rd7 Qf5 37. Rxf7+ Qxf7
38. Rd7 Rc1+ 39. Kh2 Rc2 40. Rxf7+ Kxf7 41. Qd5+ Kg7 42. Qb7+ Kh6 43. Qxa6
Rxf2 44. Kg3 Rf5 45. e4 Rg5+ 46. Kf3 Kh5 47. Qe6 Kh6 48. g4 Ra5 49. Qe7 Ra1
50. g5+ Kh5 51. Qxh7+ {Black resigns} 1-0